 Dungeon Crawl Stone Soup version 0.31.0-32-g396128a36d (webtiles) character file.

Game seed: 678632343210915119

5611 Peloso the Carver (level 10, -3/90 HPs)
             Began as a Minotaur Fighter on Mar 11, 2024.
             Killed from afar by a deep elf pyromancer (18 damage)
             ... with a bolt of fire
             ... on level 9 of the Dungeon.
             The game lasted 00:11:28 (7463 turns).

Peloso the Carver (Minotaur Fighter)                Turns: 7463, Time: 00:11:29

Health: -3/90      AC: 18    Str: 22    XL:     10   Next: 45%
Magic:  9/9        EV: 11    Int:  5    God:
Gold:   436        SH: 11    Dex: 13    Spells: 9/9 levels left

rFire   . . .        a - +0 long sword
rCold   . . .        d - +0 kite shield
rNeg    . . .        q - +9 scale mail "Kaisaun" {Will+}
rPois   .            (helmet restricted)
rElec   .            (no cloak)
rCorr   .            l - +0 pair of gloves
SInv    .            (no boots)
Will    +....        (no amulet) Stlth
                     g - ring of flight
HPRegen 0.35/turn    (no ring)
MPRegen 0.11/turn

%: no passive effects
@: flying, studying Long Blades
A: horns 2, retaliatory headbutt
a: no special abilities


You were on level 9 of the Dungeon.
You visited 1 branch of the dungeon, and saw 9 of its levels.

You collected 436 gold pieces.

Inventory:

Hand Weapons
 a - a +0 long sword (weapon)
Missiles
 n - a throwing net (quivered)
Armour
 b - a +0 scale mail
 c - a +0 chain mail
 d - a +0 kite shield (worn)
 l - a +0 pair of gloves (worn)
 q - the +9 scale mail "Kaisaun" (worn) {Will+}
   (You found it on level 5 of the Dungeon)

   Will+:     It increases your willpower.
Jewellery
 g - a ring of flight (left hand)
Wands
 r - a wand of mindburst (22)
 t - a wand of iceblast (5)
 w - a wand of flame (32)
 x - a wand of digging (3)
Scrolls
 f - 2 scrolls of blinking
 h - a scroll of noise {unknown}
 k - 3 scrolls of teleportation
 m - a scroll of torment {unknown}
 u - a scroll of revelation {unknown}
 v - 2 scrolls of immolation {unknown}
Potions
 e - 3 potions of enlightenment
 i - 2 potions of might
 j - 2 potions of heal wounds
 o - a potion of magic
 p - 2 potions of brilliance
 s - a potion of ambrosia {unknown}
 z - 2 potions of attraction {unknown}
 A - a potion of lignification
 B - a potion of curing {unknown}
 C - a potion of mutation {unknown}


   Skills:
 + Level 8.8 Fighting
 + Level 14.7 Long Blades
 + Level 9.2 Armour
 + Level 4.6 Dodging
 + Level 1.5 Stealth
 + Level 8.9 Shields


You had 9 spell levels left.
You didn't know any spells.
Your spell library contained the following spells:

 Spells                   Type           Power      Damage    Failure   Level
 Necrotise                Necr           0%         1d4       92%         1
 Dazzling Flash           Conj/Hex       0%         N/A       100%        3
 Mephitic Cloud           Conj/Alch/Air  0%         N/A       100%        3
 Vampiric Draining        Necr           0%         2d6       100%        3
 Martyr's Knell           Necr/Summ      0%         N/A       100%        4
 Curse of Agony           Necr           0%         N/A       100%        5
 Silence                  Hex/Air        0%         N/A       100%        5


Dungeon Overview and Level Annotations

Branches:
Dungeon (9/15)
 Temple: D:4-7         Lair: D:8-11         Orc: D:9-12

Altars:
Fedhas
Kikubaaqudgha
Trog
Wu Jian
Xom

Shops:
D:1 *

Portals:
Abyss: D:6

Annotations:
D:4 1 runed translucent door, Crazy Yiuf
D:6 2 transporters, zen1337's ghost, novice DsCj
D:8 3 runed translucent doors, Pascal76's ghost, novice MiFi; destino's ghost, novice OpEE; mora's ghost, novice DEIE


Innate Abilities, Weirdness & Mutations

You have a pair of horns on your head.
You reflexively headbutt those who attack you in melee.


Message History

The bolt of fire hits you but does no damage.
The bolt of fire hits the fire elemental.
The fire elemental completely resists.
The fire elemental closely misses you. You block the fire elemental's attack.
Unknown command.
The deep elf pyromancer hits you but does no damage.
You block the fire elemental's attack.
Unknown command.
You hit the deep elf pyromancer but do no damage.
You headbutt the deep elf pyromancer!
The deep elf pyromancer is heavily wounded.
You block the fire elemental's attack. The fire elemental closely misses you.
You block the deep elf pyromancer's attack.
Unknown command.
You slash the deep elf pyromancer!
The deep elf pyromancer is severely wounded.
The fire elemental closely misses you. The fire elemental barely misses you.
You block the deep elf pyromancer's attack.
You closely miss the deep elf pyromancer.
Your headbutt misses the deep elf pyromancer.
The deep elf pyromancer is severely wounded.
The fire elemental closely misses you. The fire elemental hits you.
The fire elemental burns you!
* * * LOW HITPOINT WARNING * * *
The deep elf pyromancer mumbles some strange words.
You hit the deep elf pyromancer.
The deep elf pyromancer is almost dead.
The fire elemental hits you. The fire elemental burns you!
* * * LOW HITPOINT WARNING * * *
You block the fire elemental's attack.
Unknown command.
You barely miss the deep elf pyromancer.
Your headbutt misses the deep elf pyromancer.
The deep elf pyromancer is almost dead.
The fire elemental hits you. The fire elemental burns you!
* * * LOW HITPOINT WARNING * * *
You block the fire elemental's attack.
The deep elf pyromancer gestures at you while chanting.
The bolt of fire hits you!!
You die...

.........##..#....'.......
.....##.##..###...####....
....##.##..## ##...# .
...##.##..# ##..#
##...##..# ##.## #..##z.#
##.## ##.##..# E##.##
#.##..# ##e.##.# ##.##
##@.##.## #..##
##EE##.######. #.#.##
##.)##......... #.##.##
##..##.#.####### #.###.##
##..##....##
#......###..##.##...#
#######.#..##.......#
##..##.####...# ##.#..#
#####


You could see a deep elf pyromancer and 3 fire elementals.

Vanquished Creatures
  A skeletal warrior (D:9)
  Pikel (D:5)
  A kobold demonologist (D:9)
  A troll (D:9)
  A hornet (D:7)
  Sigmund (D:2)
  A shadow (D:9)
  A wyvern (D:8)
  2 water moccasins
  3 orc warriors
  2 ice beasts
  3 black bears
  2 centaurs (D:9)
  2 phantoms (D:5)
  5 bullfrogs
  3 kobold brigands
  2 scorpions
  5 wights (D:7)
  10 killer bees
  2 howler monkeys
  2 hounds
  5 jellies
  A bombardier beetle (D:4)
  3 gnoll boudas
  3 orc priests
  A sleepcap (D:5)
  2 iguanas (D:5)
  Terence (D:2)
  14 gnolls
  7 adders
  A shadow imp (D:6)
  A ribbon worm (D:2)
  A dart slug (D:2)
  26 orcs
  9 ball pythons
  6 endoplasms
  4 giant cockroaches
  4 goblins
  3 hobgoblins
  5 jackals (D:2)
  3 quokkas
  9 bats
  2 frilled lizards (D:2)
  16 kobolds
  5 rats
183 creatures vanquished.

Vanquished Creatures (others)
  A human (D:5)
1 creature vanquished.

Grand Total: 184 creatures vanquished

Notes
Turn   | Place    | Note
-------+----------+-------------------------------------------
     0 | D:1      | Peloso the Minotaur Fighter began the quest for the Orb.
     0 | D:1      | Reached XP level 1. HP: 19/19 MP: 0/0
    86 | D:1      | Found Tugu's General Store.
   469 | D:1      | Reached XP level 2. HP: 27/27 MP: 1/1
   806 | D:2      | Reached XP level 3. HP: 32/33 MP: 2/2
   986 | D:2      | Noticed Terence
  1017 | D:2      | Killed Terence
  1018 | D:2      | Reached skill level 3 in Long Blades
  1310 | D:2      | Reached XP level 4. HP: 41/41 MP: 3/3
  1405 | D:2      | Noticed Sigmund
  1412 | D:2      | Killed Sigmund
  1413 | D:2      | Reached skill level 4 in Long Blades
  1413 | D:2      | Reached skill level 1 in Dodging
  1413 | D:2      | Reached XP level 5. HP: 47/47 MP: 4/4
  1422 | D:2      | Reached skill level 5 in Armour
  1740 | D:3      | Found an ornate altar of the Wu Jian Council.
  1859 | D:3      | Reached skill level 5 in Long Blades
  1978 | D:3      | Found a shimmering altar of Xom.
  2259 | D:4      | Noticed an ogre
  2323 | D:4      | Reached XP level 6. HP: 45/55 MP: 5/5
  2330 | D:4      | Reached skill level 5 in Fighting
  2422 | D:4      | Reached skill level 6 in Long Blades
  2534 | D:4      | Found a runed translucent door.
  2535 | D:4      | Noticed Crazy Yiuf
  2738 | D:5      | Entered Level 5 of the Dungeon
  2762 | D:5      | Reached skill level 7 in Long Blades
  2762 | D:5      | Reached XP level 7. HP: 58/61 MP: 6/6
  2823 | D:5      | Reached skill level 8 in Long Blades
  2944 | D:5      | Found a bloodstained altar of Trog.
  3103 | D:5      | Identified the +9 scale mail "Kaisaun" {Will+}
  3130 | D:5      | Found an ancient bone altar of Kikubaaqudgha.
  3416 | D:5      | Reached skill level 9 in Long Blades
  3416 | D:5      | Reached skill level 5 in Shields
  3498 | D:5      | Noticed Pikel
  3515 | D:5      | Killed Pikel
  3516 | D:5      | Reached skill level 11 in Long Blades
  3516 | D:5      | Reached XP level 8. HP: 23/71 MP: 7/7
  4169 | D:6      | Reached skill level 12 in Long Blades
  4212 | D:6      | Reached XP level 9. HP: 78/79 MP: 8/8
  4340 | D:6      | Found a transporter.
  4344 | D:6      | Found a transporter.
  4345 | D:6      | Found a one-way gate to the infinite horrors of the Abyss.
  4345 | D:6      | Noticed zen1337's ghost (novice DsCj)
  4349 | D:6      | Noticed a toenail golem
  4472 | D:6      | Reached skill level 1 in Stealth
  4986 | D:7      | Reached skill level 13 in Long Blades
  5394 | D:7      | Found a blossoming altar of Fedhas.
  5509 | D:8      | Found a runed translucent gate.
  5510 | D:8      | Found a runed translucent gate.
  5511 | D:8      | Found a runed translucent gate.
  5512 | D:8      | Noticed destino's ghost (novice OpEE)
  5512 | D:8      | Noticed Pascal76's ghost (novice MiFi)
  5512 | D:8      | Noticed mora's ghost (novice DEIE)
  6084 | D:8      | Reached skill level 14 in Long Blades
  6365 | D:9      | Noticed a skeletal warrior
  6397 | D:9      | Killed a skeletal warrior
  6398 | D:9      | Reached XP level 10. HP: 29/88 MP: 9/9
  7439 | D:9      | Noticed a deep elf pyromancer
  7453 | D:9      | Noticed an orange demon
  7463 | D:9      | Killed from afar by a deep elf pyromancer

Illustrated notes

Levels and vault maps discovered:
D:1:      minmay_arrival_widening_spiral_wide, layout_loops_ring, serial_forest,
          infiniplex_forest_end_3, infiniplex_forest_lined_2,
          infiniplex_forest_lined_2, infiniplex_forest_clump_tiny,
          infiniplex_forest_clump_double, infiniplex_forest_clump_cross,
          infiniplex_forest_diagonal, infiniplex_forest_clump_small,
          serial_shops, nicolae_shop_statue_plus
D:2:      layout_loops_ring, uniq_sigmund, uniq_terence
D:3:      layout_basic, mainiacjoe_overflow_six_doors_small,
          mainiacjoe_overflow_cross_hatched, kennysheep_minor_cross,
          kennysheep_generic_room_11
D:4:      layout_loops_ring, minmay_temple_entry_butterflies,
          uniq_crazy_yiuf_cottage
D:5:      layout_loops_ring, lemuel_crystal_altar, tgw_kikubaaqudgha,
          columned_hall_lemuel, uniq_pikel
D:6:      layout_loops_ring, gammafunk_ghost_abyssal_escape
D:7:      layout_rooms, fedhas_altar_4
D:8:      layout_loops_ring, gammafunk_ghost_cemetery
D:9:      layout_loops_corners, minmay_diamond_spiral

Skill      XL: |  1  2  3  4  5  6  7  8  9 10 |
---------------+-------------------------------+-----
Fighting       | 4 5 6 7 8 |  8.8
Armour         | 4 5 6 7 8 9 |  9.2
Shields        | 4 5 6 8 |  8.9
Long Blades    | 3 4 5 7 11 12 14 | 14.7
Dodging        | 1 2 4 |  4.6
Stealth        | 1 |  1.5

Action                     |  1- 3 |  4- 6 |  7- 9 | 10-12 || total
---------------------------+-------+-------+-------+-------++-------
  Melee: Long sword        |    85 |   113 |   341 |   114 ||   653
         Headbutt          |    10 |    21 |    83 |    27 ||   141
    Use: Scroll            |     1 |     3 |     3 |       ||     7
 Armour: Scale mail        |    25 |       |   179 |    71 ||   275
         Chain mail        |    43 |    72 |    28 |       ||   143
  Dodge: Dodged            |    35 |    37 |   104 |    45 ||   221
  Block: Buckler           |    22 |    15 |       |       ||    37
         Kite shield       |       |    27 |   162 |    62 ||   251
